 Dungeon Crawl Stone Soup version 0.23.2-1-ga50397a (webtiles) character file.

Game seed: 17738856938043598084

461 Gazerockf the Ruffian (level 7, -7/41 HPs)
             Began as a Gargoyle Monk on June 1, 2019.
             Was a Believer of Hepliaklqana.
             Mangled by an ogre
             ... wielding a +0 giant club
              (9 damage)
             ... on level 4 of the Dungeon.
             The game lasted 00:11:12 (3506 turns).

Gazerockf the Ruffian (Gargoyle Monk)               Turns: 3506, Time: 00:11:13

Health: -7/41      AC: 13    Str: 16    XL:     7   Next: 7%
Magic:  7/7        EV:  7    Int: 11    God:    Hepliaklqana [**....]
Gold:   110        SH:  0    Dex: 12    Spells: 6/6 levels left

rFire    + . .     SeeInvis +   u - +2 quarterstaff (chaos)
rCold    . . .     Gourm    .   (shield currently unavailable)
rNeg     + . .     Faith    .   t - +0 chain mail
rPois    ∞         Spirit   .   f - +0 helmet
rElec    +         Reflect  .   (no cloak)
rCorr    .         Harm     .   (no gloves)
MR       .....                  (no boots)
Stlth    ..........             (no amulet)
HPRegen  0.13/turn              i - ring of protection from fire
MPRegen  0.10/turn              k - ring of see invisible

@: no status effects
A: reduced essence, negative energy resistance 1, electricity resistance,
unbreathing, petrification resistance, rot immunity, AC +4
a: Recall Ancestor, Ancestor Identity, Renounce Religion


You were on level 4 of the Dungeon.
You worshipped Hepliaklqana.
Hepliaklqana was pleased with you.
You were not hungry.

You visited 1 branch of the dungeon, and saw 4 of its levels.

You collected 110 gold pieces.

Inventory:

Hand Weapons
 d - a +2 dagger of pain
 u - a +2 quarterstaff of chaos (weapon)
Armour
 a - a +0 robe
 c - a +0 animal skin
 f - a +0 helmet (worn)
 g - a +0 helmet
 l - a +0 ring mail
 n - a +0 shield
 t - a +0 chain mail (worn)
Jewellery
 i - a ring of protection from fire (left hand)
 k - a ring of see invisible (right hand)
Scrolls
 h - 5 scrolls of identify
 j - 2 scrolls of teleportation
 p - a scroll of blinking {unknown}
 r - a scroll of magic mapping {unknown}
Potions
 e - a potion of invisibility {unknown}
 m - a potion of brilliance {unknown}
 o - a potion of haste {unknown}
 s - a potion of berserk rage {unknown}
Comestibles
 b - 8 rations


   Skills:
 + Level 6.0 Fighting
 - Level 2.4 Dodging
 - Level 2.1 Stealth
 + Level 6.2 Unarmed Combat


You had 6 spell levels left.
You didn't know any spells.
Your spell library was empty.

Dungeon Overview and Level Annotations

Branches:
Dungeon (4/15)
 Temple: D:4-7

Altars:
Elyvilon
Hepliaklqana
Makhleb
Vehumet


Innate Abilities, Weirdness & Mutations

You are resistant to torment.
Your stone body is resilient. (AC +4)
You are immune to poison.
You resist negative energy. (rN+)
You are resistant to electric shocks. (rElec)
You can survive without breathing.
You are immune to petrification.
You are immune to rotting.
Your life essence is reduced to manifest your ancestor. (-10% HP)


Message History

The ogre barely misses you.
The orc wizard points at you and mumbles some strange words.
The puff of frost hits you. The worm bites you.
The orc wizard looks braver for a moment.
Sanele hits the orc wizard with a +0 dagger of draining.
Sanele drains the orc wizard.
The ogre hits you with a +0 giant club!
* * * LOW HITPOINT WARNING * * *
The orc wizard casts a spell at you. The puff of flame misses you.
The puff of flame hits the worm!
Sanele hits the orc wizard with a +0 dagger of draining.
Sanele drains the orc wizard.
The orc wizard dies!
Your Fighting skill increases to level 6!
You have reached level 7!
Sanele remembers more of her old skill.
There is a stone staircase leading up here.
You can't go down here!
The ogre hits you with a +0 giant club!
You die...

.###.# .. .
......# .....
....... .#...
...... ...... .
..... #....8.
#.. #..##†......
#...#...w.......
#...............
......O@........
...(lo..........
............#...
.....R.o...## ..
.....)oo....# .
..............
#.##...........
#. ............


You could see the friendly Sanele the hexer, an ogre, a worm, 2 orc wizards, 2
orcs and a frilled lizard.

Vanquished Creatures
  A phantom (D:3)
  An orc warrior (D:2)
  A crimson imp (D:3)
  Crazy Yiuf (D:3)
  An orc priest (D:3)
  Robin (D:3)
  An adder (D:2)
  2 gnolls
  An ooze (D:1)
  3 worms
  A dart slug (D:1)
  2 leopard geckos (D:1)
  5 orcs
  10 bats
  3 giant cockroaches
  15 goblins
  4 hobgoblins
  A quokka (D:3)
  A ball python (D:3)
  3 frilled lizards
  6 kobolds
  5 rats
69 creatures vanquished.

Vanquished Creatures (collateral kills)
  An orc wizard (D:4)
  2 gnolls (D:3)
  A worm (D:2)
  3 goblins
  A bat (D:3)
  2 frilled lizards (D:3)
  2 rats (D:2)
12 creatures vanquished.

Vanquished Creatures (others)
  A hexer (D:3)
1 creature vanquished.

Grand Total: 82 creatures vanquished

Notes
Turn   | Place    | Note
-------+----------+-------------------------------------------
     0 | D:1      | Gazerockf the Gargoyle Monk began the quest for the Orb.
     0 | D:1      | Reached XP level 1. HP: 14/14 MP: 1/1
   218 | D:1      | Reached XP level 2. HP: 17/19 MP: 2/2
   533 | D:1      | Reached XP level 3. HP: 20/24 MP: 3/3
   894 | D:2      | Found a hazy altar of Hepliaklqana.
   907 | D:2      | Became a worshipper of Hepliaklqana the Forgotten
   907 | D:2      | Reached * piety under Hepliaklqana
   907 | D:2      | Reached ** piety under Hepliaklqana
   909 | D:2      | Remembered your ancestor Sanele as a hexer
  1049 | D:2      | Found a white marble altar of Elyvilon.
  1192 | D:2      | Found a burning altar of Makhleb.
  1193 | D:2      | Found a radiant altar of Vehumet.
  1467 | D:2      | Reached XP level 4. HP: 5/26 MP: 4/4
  1707 | D:3      | Noticed Robin
  2068 | D:3      | Killed Robin
  2071 | D:3      | Reached XP level 5. HP: 21/30 MP: 5/5
  2176 | D:3      | Noticed a phantom
  2219 | D:3      | Killed a phantom
  2219 | D:3      | Reached skill level 5 in Fighting
  2219 | D:3      | Reached skill level 5 in Unarmed Combat
  2219 | D:3      | Reached XP level 6. HP: 14/36 MP: 6/6
  2468 | D:3      | Found a runed translucent door.
  2469 | D:3      | Noticed Crazy Yiuf
  2653 | D:3      | Noticed an orc warrior
  2966 | D:2      | Killed an orc warrior
  3444 | D:3      | Killed Crazy Yiuf
  3505 | D:4      | HP: 1/36 [ogre/+0 giant club (15)]
  3505 | D:4      | Reached XP level 7. HP: 2/41 MP: 7/7
  3506 | D:4      | Mangled by an ogre

Skill      XL: |  1  2  3  4  5  6 |
---------------+-------------------+-----
Unarmed Combat | 4 5 6 |  6.2
Fighting       | 4 5 6 |  6.0
Dodging        | |  2.4
Stealth        | |  2.1

Action                   |  1- 3 |  4- 6 |  7- 9 || total
-------------------------+-------+-------+-------++-------
Melee: Unarmed           |     8 |   108 |       ||   116
       Dagger            |    90 |    24 |       ||   114
       Punch             |     3 |     4 |       ||     7
       Quarterstaff      |       |     4 |       ||     4
Invok: Ancestor Life: He |     1 |       |       ||     1
       Ancestor Identity |     1 |       |       ||     1
  Use: Scroll            |       |     4 |       ||     4
 Stab: Sleeping          |     3 |       |       ||     3
       Confused          |       |     5 |       ||     5
  Eat: Chunk             |       |     6 |       ||     6
       Ration            |       |     1 |       ||     1
Armor: Robe              |    38 |    14 |       ||    52
       Ring mail         |       |    26 |       ||    26
       Chain mail        |       |    18 |       ||    18
Dodge: Dodged            |    52 |    79 |       ||   131
